 Dungeon Crawl Stone Soup version 0.21-a0-509-gecc5317 (webtiles) character file.

42 qqqbard the Vandal (level 3, -10/24 HPs)
             Began as a Halfling Hunter on Nov 29, 2017.
             Mangled by Sigmund
             ... wielding a +0 scythe
              (13 damage)
             ... on level 2 of the Dungeon.
             The game lasted 00:02:03 (1190 turns).

qqqbard the Vandal (Halfling Hunter)                Turns: 1190, Time: 00:02:04

Health: -10/24     AC:  6    Str: 13    XL:     3   Next: 80%
Magic:  3/3        EV: 14    Int:  9    God:
Gold:   87         SH:  0    Dex: 15    Spells: 2/2 levels left

rFire    . . .     SeeInvis .   a - +1 hunting sling
rCold    . . .     Gourm    .   (shield restricted)
rNeg     . . .     Faith    .   c - +0 leather armour
rPois    .         Spirit   .   (no helmet)
rElec    .         Reflect  .   s - +0 cloak
rCorr    .         Harm     .   l - +0 pair of gloves
MR       .....                  i - +0 pair of boots
Stlth    +.........             (no amulet)
HPRegen  0.08/turn              (no ring)
MPRegen  0.08/turn              (no ring)

@: confused, hasted, very quick
A: small, mutation resistance 1
a: no special abilities


You were on level 2 of the Dungeon.
You were not hungry.

You visited 1 branch of the dungeon, and saw 2 of its levels.

You collected 87 gold pieces.

Inventory:

Hand Weapons
 a - a +1 hunting sling (weapon)
 b - a +0 short sword
Missiles
 d - 29 sling bullets
 h - 8 stones (quivered)
Armour
 c - a +0 leather armour (worn)
 i - a +0 pair of boots (worn)
 l - a +0 pair of gloves (worn)
 s - a +0 cloak (worn)
Scrolls
 e - 2 scrolls of identify {unknown}
 j - a scroll of blinking {unknown}
 n - a scroll of enchant armour {unknown}
Potions
 k - 3 potions of curing {unknown}
 m - a potion of degeneration {unknown}
 o - a potion of heal wounds {unknown}
 p - a potion of haste
 q - a potion of cancellation {unknown}
Comestibles
 f - a bread ration
 g - a royal jelly
 r - 10 chunks of flesh


   Skills:
 + Level 2.2 Fighting
 * Level 6.5 Slings
 + Level 1.2 Armour
 - Level 2.1 Dodging
 + Level 2.1 Stealth


You had 2 spell levels left.
You didn't know any spells.

Dungeon Overview and Level Annotations

Branches:
Dungeon (2/15)

Altars:

Annotations:
D:2 Sigmund


Innate Abilities, Weirdness & Mutations

You are small and have problems with some larger weapons.
You are somewhat resistant to further mutation.


Message History

You feel yourself speed up. Sigmund hits you but does no damage.
The goblin closely misses you.
You clumsily bash the goblin but do no damage.
Sigmund barely misses you.
You bump into the rock wall.
Sigmund hits you from afar with a scythe.
* * * LOW HITPOINT WARNING * * *
The goblin closely misses you.
You bump into the rock wall.
The goblin misses you. Sigmund casts a spell at you.
You resist with significant effort. Sigmund gestures at you while chanting.
You resist with significant effort.
A frilled lizard comes into view.
The frilled lizard hisses angrily.
The frilled lizard bites you.
* * * LOW HITPOINT WARNING * * *
Sigmund hits you with a scythe!
Ouch! That really hurt!
You die...

#...# #######.(.########
.....('......>....
#######...######.# ##...# #.#
#######+## #..g.# ###.######
#...#....# #...## #........#
#...#....#####..@# #........#
#...#....#......@# #........#
#...#....#..)....# #.(......#
#...#....#.....l.# #........#
#...#....#......#### #..).....#
..............)....# #........#
#........#......##.#####.######
###.....##......##.....#.######
# #.....##......##............#
# #...#.##########............#


You could see Sigmund, a goblin and a frilled lizard.

Vanquished Creatures
  5 dart slugs
  A leopard gecko (D:1)
  5 bats
  A giant cockroach (D:2)
  A hobgoblin (D:1)
  2 jackals (D:1)
  A ball python (D:1)
  2 frilled lizards
  7 goblins
  3 kobolds
  4 rats
32 creatures vanquished.

Notes
Turn   | Place    | Note
-------+----------+-------------------------------------------
     0 | D:1      | qqqbard the Halfling Hunter began the quest for the Orb.
     0 | D:1      | Reached XP level 1. HP: 14/14 MP: 1/1
   187 | D:1      | Reached skill level 6 in Slings
   218 | D:1      | Reached XP level 2. HP: 18/19 MP: 2/2
   460 | D:1      | Reached XP level 3. HP: 24/24 MP: 3/3
   466 | D:1      | Reached skill level 1 in Armour
  1170 | D:2      | Noticed Sigmund
  1190 | D:2      | Mangled by Sigmund

Vault maps used:
D:1:      kennysheep_arrival_forest, minivault_11, minivault_25,
          minmay_pentomino_r4
D:2:      uniq_sigmund

Skill      XL: |  1  2  3 |
---------------+----------+-----
Slings         | 6 |  6.5
Fighting       | 2 |  2.2
Armour         | 1 |  1.2
Stealth        | 2 |  2.1
Dodging        | |  2.1

Action                   || total
-------------------------++-------
Melee: Hunting sling     ||     1
 Fire: Hunting sling     ||    80
  Use: Potion            ||     1
  Eat: Chunk             ||     1
Armor: Leather armour    ||     2
Dodge: Dodged            ||    21

Table legend:
 A = Spawn XP
 B = Non-spawn XP
 C = Spawn XP percentage of total XP
 D = Spawn monster count
 E = Non-spawn monster count
 F = Spawn count percentage of total count
 G = Total turns spent on level
                    A         B        C        D         E        F      G
               +---------+---------+-------+---------+---------+-------+---------
         Total |       0 |      61 |   0.0 |       0 |      32 |   0.0 |  1190
               +---------+---------+-------+---------+---------+-------+---------
           D:1 |       0 |      43 |   0.0 |       0 |      21 |   0.0 |   935
           D:2 |       0 |      18 |   0.0 |       0 |      11 |   0.0 |   255
               +---------+---------+-------+---------+---------+-------+---------
